 Dungeon Crawl Stone Soup version 0.27.0-1-g7a089689b8 (webtiles) character file.

Game seed: 384536803779436186

153 Sobieck the Grasshopper (level 5, 0/24 HPs)
             Began as a Felid Warper on Aug 10, 2021.
             Slain by a scorpion (6 damage)
             ... on level 4 of the Dungeon.
             The game lasted 00:10:45 (5457 turns).

Sobieck the Grasshopper (Felid Warper)              Turns: 5457, Time: 00:10:46

Health: 0/24       AC:  1    Str:  8    XL:     5   Next: 12%
Magic:  10/10      EV: 18    Int: 15    God:
Gold:   191        SH:  0    Dex: 21    Spells: 4/9 levels left
                                        Lives:  0   Deaths: 1

rFire    . . .     SeeInvis +     - Unarmed
rCold    . . .     Faith    .   (shield unavailable)
rNeg     . . .     Spirit   .   (armour unavailable)
rPois    +         Reflect  .   (helmet unavailable)
rElec    .         Harm     .   (cloak unavailable)
rCorr    .         Rampage  .   (gloves unavailable)
Will     .....                  (boots unavailable)
Stlth    ++........             (no amulet)
HPRegen  0.08/turn              d - +6 ring of dexterity
MPRegen  0.12/turn              b - ring of poison resistance

@: quick
A: very small, claws 1, fangs 3, see invisible, speed 1, shaggy fur 1, stealthy
paws, no weapons or thrown items, no armour, multi-lived
a: no special abilities


You were on level 4 of the Dungeon.
You visited 1 branch of the dungeon, and saw 5 of its levels.

You collected 191 gold pieces.


Innate Abilities, Weirdness & Mutations

You have sharp claws.
You have razor-sharp teeth.
You have supernaturally acute eyesight. (SInv)
You cover ground quickly. (Speed+)
You are covered in fur. (AC +1)
Your paws help you pounce on unaware monsters.
You are incapable of wielding weapons or throwing items.
You cannot wear armour.
You gain extra lives every three experience levels.


   Skills:
 - Level 3.0 Fighting
 - Level 3.2 Dodging
 - Level 4.0 Unarmed Combat
 + Level 2.9 Spellcasting
 + Level 5.7 Translocations


You had 4 spell levels left.
You knew the following spells:

 Your Spells              Type           Power      Damage    Failure   Level
a - Blink                 Tloc           N/A        N/A       3%          2
b - Gell's Gravitas       Tloc           9%         N/A       6%          3

Your spell library contained the following spells:

 Spells                   Type           Power      Damage    Failure   Level
 Lesser Beckoning         Tloc           9%         N/A       6%          3
 Teleport Other           Tloc           19%        N/A       6%          3
 Corona                   Hex            2%         N/A       21%         1
 Ensorcelled Hibernation  Hex/Ice        4%         N/A       30%         2
 Tukima's Dance           Hex            2%         N/A       52%         3
 Manifold Assault         Tloc           19%        N/A       47%         5

Inventory:

Jewellery
 b - a ring of poison resistance (right paw)
   (You took it off a kobold on level 4 of the Dungeon)
 d - a +6 ring of dexterity (left paw)
   (You found it on level 1 of the Dungeon)
Scrolls
 a - a scroll of blinking {!r}
Potions
 c - a potion of haste {unknown}
 h - a potion of berserk rage {!q}

Dungeon Overview and Level Annotations

Branches:
Dungeon (5/15)
 Temple: D:4-7

Altars:
Wu Jian
The Shining One

Annotations:
D:3 exclusion: downstairs
D:4 2 transporters, Datul's ghost, amateur DrIE
D:5 Dowan

....## #..#..# #.........#####
.....# ##....# #.........##...
.....# ###..# #..............
.....# #..### #.........#####
.<..## #....####.....#### #
.....#######.##.##.....#.## ###
####............#..##.##..## #..
.............#....###.###..# #..
...#######......@.......##.####..
##....# ###.#.s......#....#....#
#####.# ##.).#................#
...##.#####......................
...##............##..............
...######.##...#.##...(..........
.................<...##..?......<
....####.####.................[..
###..###.# #......)###.....[....


You could see a scorpion.


Message History

Your Unarmed Combat skill increases to level 4!
You have reached level 5!
You feel clever.
Unknown command.
Unknown command.
You now have 191 gold pieces (gained 7).
Found an escape hatch in the floor.
Unknown command.
Found a stone staircase leading up.
Unknown command.
You pick up a book of Maledictions and begin reading...
You add the spells Corona, Ensorcelled Hibernation and Tukima's Dance to your library.
Unknown command.
You open the door.
There is an open door here.
You hear the rapid hiss of an avalanche of sand nearby.
Found a stone staircase leading down.
Unknown command.
Unknown command.
There is a stone staircase leading down here.
There is a stone staircase leading down here.
A black bear comes into view.
Danger!
You hear the rapid hiss of an avalanche of sand nearby.
There is an open door here.
You open the door.
There is an open door here.
As you open the door, it creaks loudly!
There is an open door here.
You hear the rapid hiss of an avalanche of sand.
Unknown command.
Unknown command.
The hiss of flowing sand is almost imperceptible now.
Unknown command.
Unknown command.
A scorpion comes into view.
Danger!
The walls and floor vibrate strangely for a moment.
You aren't carrying any items that you can evoke.
Unknown command.
Unknown command.
You scratch the scorpion but do no damage.
You bite the scorpion. The scorpion closely misses you.
The scorpion misses you.
You closely miss the scorpion. You bite the scorpion. The scorpion stings you.
Unknown command.
You scratch the scorpion. The scorpion closely misses you.
Unknown command.
You scratch the scorpion. You bite the scorpion. The scorpion stings you.
You are poisoned.
The scorpion poisons you!
You feel sick.
You feel sick.
You feel sick.
You feel sick.
You feel sick.
You feel sick.
You feel sick.
Unknown command.
You feel sick.
You are no longer poisoned.
Dowan, Brother of Duvessa comes into view.
He is wielding a +0 dagger.
Dowan shouts!
You hear a shout!
There is a stone staircase leading up, spattered with blood here.
You climb upwards.
Level annotation: 2 transporters, Datul's ghost, amateur DrIE
There is a stone staircase leading down here.
Unknown command.
You start resting.
Unknown command.
You climb downwards.
Level annotation: Dowan The scorpion closely misses you.
The scorpion stings you!
There is a stone staircase leading up, spattered with blood here.
Danger!
You scratch the scorpion. You claw the scorpion.
The scorpion closely misses you.
Unknown command.
You barely miss the scorpion.
You bite the scorpion, but do no damage.
The scorpion stings you.
You scratch the scorpion. The scorpion barely misses you.
Unknown command.
You scratch the scorpion but do no damage.
The scorpion closely misses you.
Unknown command.
You barely miss the scorpion. Dowan casts a spell at you.
The puff of flame misses you. The scorpion barely misses you.
Unknown command.
The scorpion closely misses you.
You climb upwards.
Level annotation: 2 transporters, Datul's ghost, amateur DrIE
There is a stone staircase leading down here.
Unknown command.
You scratch the scorpion. You claw the scorpion. The scorpion stings you!
* * * LOW HITPOINT WARNING * * *
Unknown command.
You scratch the scorpion. The scorpion stings you.
You die...

Skill      XL: |  1  2  3  4 |
---------------+-------------+-----
Unarmed Combat | 3 4 |  4.0
Translocations | 5 |  5.7
Fighting       | 3 |  3.0
Dodging        | |  3.2
Spellcasting   | |  2.9

Action                   |  1- 3 |  4- 6 || total
-------------------------+-------+-------++-------
Melee: Unarmed           |   128 |    92 ||   220
       Bite              |    13 |     9 ||    22
       Punch             |     4 |     7 ||    11
  Use: Scroll            |     3 |     4 ||     7
       Potion            |     3 |     1 ||     4
 Stab: Sleeping          |     6 |       ||     6
Armor: Skin              |     7 |     3 ||    10
Dodge: Dodged            |    93 |    69 ||   162

Levels and vault maps discovered:
D:1:      dpeg_arrival_rhombus, layout_rooms,
          hellmonk_ecumenical_altar_watching_god
D:2:      layout_basic, basic_altar
D:3:      layout_basic, overflow_temple_1_default
D:4:      layout_rooms, gammafunk_ghost_smash
D:5:      layout_loops_corners, chequers_ossuary_entry_cave, uniq_duvessa,
          uniq_crazy_yiuf_cottage, uniq_menkaure

Notes
Turn   | Place    | Note
-------+----------+-------------------------------------------
     0 | D:1      | Sobieck the Felid Warper began the quest for the Orb.
     0 | D:1      | Reached XP level 1. HP: 9/9 MP: 4/4
   114 | D:1      | Noticed a shining eye
   116 | D:1      | Found a faded altar of an unknown god.
   118 | D:1      | Noticed a golden eye
   118 | D:1      | Noticed a floating eye
   118 | D:1      | Noticed a shining eye
   172 | D:1      | Reached XP level 2. HP: 12/13 MP: 6/6
  1053 | D:2      | Found a glowing golden altar of the Shining One.
  1112 | D:2      | Reached XP level 3. HP: 10/16 MP: 7/7
  1425 | D:2      | You fall into a shaft and drop 1 floor!
  1496 | D:4      | Noticed a scorpion
  1805 | D:2      | Learned a level 2 spell: Blink
  1809 | D:2      | Learned a level 3 spell: Gell's Gravitas
  2086 | D:2      | Reached skill level 3 in Unarmed Combat
  2596 | D:3      | Reached skill level 5 in Translocations
  2765 | D:3      | HP: 4/16 [adder (3)]
  2770 | D:3      | Reached XP level 4. HP: 3/20 MP: 8/8
  2770 | D:3      | HP: 2/30 [poisoned by an adder]
  3225 | D:3      | Found an ornate altar of the Wu Jian Council.
  3848 | D:4      | HP: 5/20 [poisoned by a scorpion]
  3850 | D:4      | HP: 2/20 [scorpion (1)]
  3852 | D:4      | Succumbed to a scorpion's poison
  3853 | D:4      | Reached XP level 3. HP: 0/16 MP: 7/7
  3861 | D:4      | Killed a scorpion
  3862 | D:4      | Reached XP level 4. HP: 20/20 MP: 7/9
  4424 | D:4      | Found a transporter.
  4425 | D:4      | Identified the +7 dire flail of Arrival {distort, MP+9}
  4425 | D:4      | Noticed an ogre
  4425 | D:4      | Noticed an ogre
  4425 | D:4      | Noticed Datul's ghost (amateur DrIE)
  4440 | D:4      | Found a transporter.
  4568 | D:5      | Entered Level 5 of the Dungeon
  4589 | D:4      | Reached skill level 3 in Fighting
  5019 | D:5      | Reached skill level 4 in Unarmed Combat
  5019 | D:5      | Reached XP level 5. HP: 24/24 MP: 10/10
  5057 | D:5      | You pick up a book of Maledictions and begin reading...
  5057 | D:5      | You add the spells Corona, Ensorcelled Hibernation and
                  | Tukima's Dance to your library.
  5135 | D:5      | Noticed a black bear
  5228 | D:5      | HP: 6/24 [poisoned by a scorpion]
  5237 | D:5      | Noticed Dowan
  5456 | D:4      | HP: 6/24 [scorpion (8)]
  5457 | D:4      | Slain by a scorpion

Vanquished Creatures
  A scorpion (D:4)
  An iguana (D:4)
  A scorpion zombie (D:5)
  An adder (D:3)
  An adder skeleton (D:4)
  3 dart slugs
  2 orcs (D:3)
  3 ball pythons
  11 endoplasms
  4 giant cockroaches
  6 goblins
  8 hobgoblins
  2 jackals (D:3)
  5 quokkas
  3 bats
  2 frilled lizards (D:2)
  9 kobolds
  4 rats
67 creatures vanquished.

Table legend:
 A = Non-vault XP
 B = Vault XP
 C = Vault XP percentage of total XP
 D = Non-vault monster count
 E = Vault monster count
 F = Vault count percentage of total count
                 A         B        C        D         E       F
            +---------+---------+-------+---------+---------+-------
      Total |     281 |       0 |   0.0 |      67 |       0 |   0.0
            +---------+---------+-------+---------+---------+-------
        D:1 |      34 |       0 |   0.0 |      17 |       0 |   0.0
        D:2 |      33 |       0 |   0.0 |      19 |       0 |   0.0
        D:3 |      37 |       0 |   0.0 |      13 |       0 |   0.0
        D:4 |     144 |       0 |   0.0 |      17 |       0 |   0.0
        D:5 |      33 |       0 |   0.0 |       1 |       0 |   0.0
            +---------+---------+-------+---------+---------+-------

Illustrated notes

Table legend:
 A = Kills in this place as a percentage of kills in entire the game.
 B = Kills by you in this place as a percentage of kills by you in the entire game.
 C = Kills by friends in this place as a percentage of kills by friends in the entire game.
 D = Other kills in this place as a percentage of other kills in the entire game.
 E = Experience gained in this place as a percentage of experience gained in the entire game.
 F = Experience gained in this place divided by the number of levels of this place that you have seen.
                   A       B       C       D       E      F
               +-------+-------+-------+-------+-------+----------------------
         Total | 100.0 | 100.0 |   N/A |   N/A | 100.0 |  56.2
       Dungeon | 100.0 | 100.0 |   N/A |   N/A | 100.0 |  56.2
               +-------+-------+-------+-------+-------+----------------------

Table legend: (Time is in decaauts)
 A = Elapsed time spent in this place.
 B = Non-inter-level travel time spent in this place.
 C = Inter-level travel time spent in this place.
 D = Time resting spent in this place.
 E = Time spent auto-exploring this place.
 F = Levels seen in this place.
 G = Mean time per level.
                   A        B        C        D        E       F      G
               +--------+--------+--------+--------+--------+-----+--------+
         Total |   4878 |   4764 |    114 |   2021 |   1877 |   5 |  975.6 |
       Dungeon |   4878 |   4764 |    114 |   2021 |   1877 |   5 |  975.6 |
               +--------+--------+--------+--------+--------+-----+--------+

Top non-repeatable levels by time:
     D:3: 1578 daAuts
     D:4: 1120 daAuts
     D:2: 1010 daAuts
     D:1: 938 daAuts
     D:5: 230 daAuts
